 Dungeon Crawl Stone Soup version 0.27-a0-1217-g8a41f320e8 (webtiles) character file.

Game seed: 8984396635385518816

188827 27snakeeyes612 the Severer (level 17, 0/158 HPs)
             Began as a Minotaur Fighter on June 6, 2021.
             Was the Champion of Okawaru.
             Succumbed to a nagaraja's bolt of poison
             ... on level 4 of the Snake Pit.
             The game lasted 00:41:54 (40546 turns).

27snakeeyes612 the Severer (Minotaur Fighter)      Turns: 40546, Time: 00:41:54

Health: 0/158      AC: 39    Str: 27    XL:     17   Next: 92%
Magic:  23/25      EV: 11    Int:  5    God:    Okawaru [******]
Gold:   1462       SH: 15    Dex: 11    Spells: 16/16 levels left

rFire    . . .     SeeInvis .   H - +9 broad axe (vamp)
rCold    . . .     Faith    .   c - +0 kite shield
rNeg     . . .     Spirit   .   P - +4 crystal plate armour
rPois    x         Reflect  .   u - +2 hat
rElec    .         Harm     .   X - +1 cloak of Starlight {*Dazzle EV+4 Stlth--}
rCorr    .         Rampage  .   n - +1 pair of gloves {Stlth+}
Will     +....     Rnd*Tele +   U - +2 pair of boots {Stlth+}
Stlth    ..........             k - amulet of regeneration
HPRegen  1.36/turn              L - +4 ring of slaying
MPRegen  0.19/turn              D - +4 ring of slaying

@: lethally poisoned (0 -> -29), finesse-ful, poison vulnerable
A: horns 2, retaliatory headbutt, teleportitis 1
a: Renounce Religion, Heroism, Finesse


You were on level 4 of the Snake Pit.
You worshipped Okawaru.
Okawaru was exalted by your worship.
You visited 4 branches of the dungeon, and saw 27 of its levels.
You also visited: Sewer, Ossuary and Gauntlet.

You collected 3374 gold pieces.
You spent 1912 gold pieces at shops.

Inventory:

Hand Weapons
 H - a +9 vampiric broad axe (weapon)
 I - a +0 morningstar
 T - the +5 war axe of Bespelled Purpose {elec, rPois rN++ Dex-2}
   (You took it off a minotaur in a Gauntlet)

   Occasionally, upon striking a foe, it can discharge electrical energy and
   cause terrible harm.
   It affects your dexterity (-2).
   It protects you from poison.
   It greatly protects you from negative energy.
Missiles
 o - a throwing net
 J - 9 curare-tipped darts
Armour
 c - a +0 kite shield (worn)
 n - a +1 pair of gloves of stealth (worn)
 p - a +2 tower shield of protection
 u - a +2 hat (worn)
 P - a +4 crystal plate armour (worn)
 U - a +2 pair of boots of stealth (worn)
 X - the +1 cloak of Starlight (worn) {*Dazzle EV+4 Stlth--}
   (Okawaru gifted it to you on level 2 of the Lair of Beasts)

   It affects your evasion (+4).
   It makes you much less stealthy.
Jewellery
 f - a ring of flight
 g - a ring of fire
 k - an amulet of regeneration (around neck)
 s - a +4 ring of protection
 D - a +4 ring of slaying (right hand)
 L - a +4 ring of slaying (left hand)
 Q - a +6 ring of intelligence
 R - the ring of Surprise {rF+ rCorr}
   (You found it in a Gauntlet)

   [ring of protection from fire]

   It protects you from fire.
   It protects you from acid and corrosion.
 S - a ring of protection from cold
 V - a ring of poison resistance
 Y - a +4 ring of evasion
Wands
 a - a wand of charming (12)
 d - a wand of digging (5)
 t - a wand of acid (8)
 y - a wand of paralysis (4) (quivered)
 z - a wand of polymorph (14)
 K - a wand of flame (39)
 N - a wand of iceblast (13)
Scrolls
 e - 9 scrolls of magic mapping
 h - 23 scrolls of teleportation
 i - 2 scrolls of brand weapon
 j - a scroll of fog
 w - 2 scrolls of amnesia
 E - 4 scrolls of holy word
 G - 17 scrolls of identify
 M - a scroll of summoning
 Z - 3 scrolls of fear
Potions
 b - 2 potions of mutation
 l - 6 potions of curing
 m - a potion of berserk rage
 q - 2 potions of cancellation
 r - 2 potions of attraction
 v - 7 potions of flight
 x - 6 potions of haste
 A - 2 potions of invisibility
 B - 7 potions of ambrosia
 F - 3 potions of lignification
 O - 2 potions of might
 W - 3 potions of brilliance
Miscellaneous
 C - a piece from Xom's chessboard (15/15)


   Skills:
 + Level 16.2 Fighting
 + Level 19.0(19.1) Axes
 - Level 2.2(13.0) Maces & Flails
 + Level 0.1 Throwing
 + Level 16.7 Armour
 + Level 2.6 Dodging
 + Level 5.1 Stealth
 + Level 17.1 Shields
 * Level 12.6 Invocations
 + Level 2.0 Evocations


You had 16 spell levels left.
You didn't know any spells.
Your spell library contained the following spells:

 Spells                   Type           Power      Damage    Failure   Level
 Animate Skeleton         Necr           0%         N/A       100%        1
 Apportation              Tloc           0%         N/A       100%        1
 Beastly Appendage        Tmut           0%         N/A       100%        1
 Corona                   Hex            0%         N/A       100%        1
 Sting                    Tmut/Pois      0%         1d3       100%        1
 Summon Small Mammal      Summ           0%         N/A       100%        1
 Ensorcelled Hibernation  Hex/Ice        0%         N/A       100%        2
 Poisonous Vapours        Pois/Air       0%         N/A       100%        2
 Slow                     Hex            0%         N/A       100%        2
 Wereblood                Tmut           0%         N/A       100%        2
 Confusing Touch          Hex            0%         N/A       100%        3
 Gell's Gravitas          Tloc           0%         N/A       100%        3
 Ignite Poison            Fire/Tmut/Pois 0%         N/A       100%        3
 Inner Flame              Hex/Fire       0%         N/A       100%        3
 Lesser Beckoning         Tloc           0%         N/A       100%        3
 Mephitic Cloud           Conj/Pois/Air  0%         N/A       100%        3
 Portal Projectile        Hex/Tloc       0%         N/A       100%        3
 Spider Form              Tmut/Pois      0%         N/A       100%        3
 Tukima's Dance           Hex            0%         N/A       100%        3
 Cause Fear               Hex            0%         N/A       100%        4
 Hailstorm                Conj/Ice       0%         3d3       100%        4
 Ice Form                 Ice/Tmut       0%         N/A       100%        4
 Leda's Liquefaction      Hex/Erth       0%         N/A       100%        4
 Olgreb's Toxic Radiance  Pois           0%         N/A       100%        4
 Petrify                  Tmut/Erth      0%         N/A       100%        4
 Alistair's Intoxication  Tmut/Pois      0%         N/A       100%        5
 Hydra Form               Tmut           0%         N/A       100%        5
 Metabolic Englaciation   Hex/Ice        0%         N/A       100%        5
 Summon Mana Viper        Hex/Summ       0%         N/A       100%        5
 Yara's Violent Unravell  Hex/Tmut       0%         3d3       100%        5
 Invisibility             Hex            0%         N/A       100%        6
 Shadow Creatures         Summ           N/A        N/A       100%        6
 Simulacrum               Ice/Necr       0%         N/A       100%        6


Dungeon Overview and Level Annotations

Branches:
Dungeon (15/15)            Temple (0/1) D:7            Lair (6/6) D:10
 Shoals (0/4) Lair:4        Snake (4/4) Lair:2        Slime (0/5) Lair:6
    Orc (2/2) D:9             Elf (0/3) Orc:2        Vaults (0/5) D:13
 Depths (0/5) D:15          Sewer (visited)         Ossuary (visited)
Gauntlet (visited)

Altars:
Ashenzari
Cheibriados
Gozag
Okawaru
Qazlal
Sif Muna
Wu Jian
Xom
The Shining One
Beogh

Shops:
D:3 *   D:9 (   D:10 (![   D:11 (   D:13 [   Orc:2 =?(*   Snake:1 :=:
Snake:2 (?

Portals:
Pandemonium: Orc:2
Trove: D:15 (give 6 scrolls of fear)

Annotations:
D:9 1 runed translucent door, dricus's ghost, journeyman MiBe
Lair:2 exclusion: 4 oklob plants


Innate Abilities, Weirdness & Mutations

You have a pair of horns on your head.
You reflexively headbutt those who attack you in melee.
You are occasionally teleported next to monsters.


Message History

The nagaraja hits you with a +0 spear!!
* * * LOW HITPOINT WARNING * * *
The nagaraja spits poison at you. You block the splash of poison.
You slice the nagaraja!!
You feel better.
The nagaraja is heavily wounded.
You hit the nagaraja.
You feel better.
You slash the nagaraja!
The naga warrior hits you from afar with a +0 halberd.
* * * LOW HITPOINT WARNING * * *
The nagaraja gestures wildly while chanting.
The nagaraja seems to speed up.
* * * LOW HITPOINT WARNING * * *
The nagaraja constricts you.
You closely miss the nagaraja.
The nagaraja is heavily wounded.
You slash the nagaraja!
You feel better.
You barely miss the nagaraja.
The nagaraja points at you and mumbles some strange words.
The bolt of poison hits you.
You are lethally poisoned!
* * * LOW HITPOINT WARNING * * *
You slash the nagaraja!
You feel better.
The nagaraja is severely wounded.
You slice the nagaraja!!
You feel better.
You closely miss the nagaraja.
* * * LOW HITPOINT WARNING * * *
You feel very sick.
The nagaraja hits you but does no damage.
The nagaraja constricts you. The nagaraja hits you with a +0 club!!
* * * LOW HITPOINT WARNING * * *
You block the naga warrior's attack.
You slice the nagaraja!!
You feel better.
You kill the nagaraja!
Okawaru accepts your kill.
Your crystal plate armour prevents you from hitting the nagaraja.
You slice the nagaraja!!
You kill the nagaraja!
Okawaru accepts your kill.
* * * LOW HITPOINT WARNING * * *
You feel very sick. You block the nagaraja's attack. x2
You die...

#SNN..#
.....ยง.N...
....##...##....
... ###### ... ..
#.....# .. #
....... # .
....... ######....
....SNN####).)...#
#).@)))##.###
####)### # ###


You could see a naga warrior (poisoned), a nagaraja (strong) and a guardian
serpent.

Vanquished Creatures
  Vashnia (Snake:2)
  12 nagarajas
  An orc warlord (Orc:1)
  A dire elephant (Gauntlet)
  A minotaur (Gauntlet)
  13 hydras
  2 rakshasas (D:15)
  3 vault guards (D:13)
  2 salamander tyrants (Snake:4)
  2 boulder beetles
  13 naga warriors
  2 anacondas
  3 two-headed ogres
  6 centaur warriors
  6 catoblepae
  12 death yaks
  2 tengu warriors (D:13)
  Urug (D:11)
  5 orc high priests (Orc:2)
  7 hell knights (D:13)
  6 shock serpents
  21 naga sharpshooters
  A fire crab (shapeshifter) (Gauntlet)
  A fire crab (D:13)
  2 salamander mystics
  2 infernal demonspawn (Orc:2)
  5 skeletal warriors (D:15)
  4 sea snakes (Snake:3)
  A glowing orange brain (D:15)
  A torturous demonspawn (Orc:2)
  8 orc knights
  3 wizards
  2 naga ritualists (Snake:4)
  5 necromancers (D:13)
  4 deep elf pyromancers
  2 mana vipers
  6 orc sorcerers (Orc:2)
  4 ugly things
  4 manticores
  14 elephants
  A merfolk siren (Lair:4)
  21 black mambas
  A guardian serpent (shapeshifter) (D:13)
  9 cyclopes
  12 salamanders
  Joseph (D:10)
  17 guardian serpents
  A smoke demon (Orc:2)
  17 naga magi
  An orange demon (Orc:2)
  3 gargoyles
  14 cane toads
  A rime drake (Lair:6)
  A yaktaur (D:12)
  2 torpor snails (Lair:5)
  A yaktaur (shapeshifter) (Gauntlet)
  A kobold demonologist (D:12)
  2 efreet
  A freezing wraith (D:13)
  A tengu conjurer (D:13)
  An ice devil (Orc:2)
  10 komodo dragons
  3 polar bears (Lair:6)
  6 trolls
  3 meliai (D:14)
  Prince Ribbit (D:7)
  2 wind drakes (shapeshifter) (D:15)
  A queen bee (D:9)
  2 blink frogs (Lair:6)
  17 slime creatures
  A shadow (D:10)
  2 wraiths
  3 wyverns
  A vampire (D:10)
  68 yaks
  5 basilisks
  16 humans (D:13)
  A neqoxec (Orc:2)
  2 steam dragons
  43 nagas
  A chaos spawn (Orc:2)
  A naga (shapeshifter) (Gauntlet)
  2 acid dragons
  13 water moccasins
  7 hell hounds (D:13)
  3 hornet zombies (D:7)
  2 ice beasts
  A black bear (Lair:2)
  46 orc warriors
  Purgy (Sewer)
  3 boggarts (D:15)
  2 necrophages
  6 ogres
  A centaur (D:7)
  7 wolves
  A phantom (D:5)
  A kobold brigand (D:11)
  3 elf zombies (Ossuary)
  A gnoll sergeant (D:9)
  A scorpion (D:6)
  9 bullfrogs
  37 killer bees
  8 wights
  An electric eel (Lair:1)
  5 howler monkeys
  4 centaur zombies
  4 jellies
  Crazy Yiuf (D:5)
  A bullfrog skeleton (D:7)
  37 orc priests
  A centaur skeleton (D:7)
  2 gnoll shamans
  A human zombie (Ossuary)
  An iguana (D:6)
  27 orc wizards
  10 hell rats
  2 killer bee zombies (D:8)
  A hound skeleton (D:3)
  2 mummies (Ossuary)
  2 howler monkey zombies
  20 gnolls
  A howler monkey skeleton (D:7)
  5 adders
  11 river rats
  2 worms
  A dart slug (D:2)
  92 orcs
  5 ball pythons
  2 bats (D:1)
  9 endoplasms
  12 giant cockroaches
  13 goblins
  19 hobgoblins
  3 jackals (D:2)
  7 quokkas
  5 frilled lizards
  A goblin zombie (Ossuary)
  5 hobgoblin zombies (Ossuary)
  2 jackal zombies (Ossuary)
  12 kobolds
  10 kobold zombies (Ossuary)
  9 orc zombies (Ossuary)
  31 rats
1023 creatures vanquished.

Vanquished Creatures (others)
  3 elephants (Lair:6)
  A torpor snail (Lair:6)
  3 blink frogs (Lair:6)
  16 fungi
  82 plants
105 creatures vanquished.

Grand Total: 1128 creatures vanquished

Notes
Turn   | Place    | Note
-------+----------+-------------------------------------------
     0 | D:1      | 27snakeeyes612 the Minotaur Fighter began the quest for the
                  | Orb.
     0 | D:1      | Reached XP level 1. HP: 19/19 MP: 0/0
    78 | D:1      | Reached XP level 2. HP: 27/27 MP: 1/1
   575 | D:1      | Reached skill level 3 in Axes
   725 | D:1      | Found a faded altar of an unknown god.
   828 | D:1      | Reached XP level 3. HP: 33/33 MP: 2/2
  1830 | D:2      | Reached XP level 4. HP: 40/40 MP: 3/3
  2104 | D:3      | Found Usiw's Assorted Antiques.
  2118 | D:3      | Found an iron altar of Okawaru.
  2142 | D:3      | Became a worshipper of Warmaster Okawaru
  2505 | D:3      | Reached skill level 4 in Axes
  2984 | D:3      | Reached XP level 5. HP: 11/47 MP: 4/4
  3424 | D:4      | Reached * piety under Okawaru
  3514 | D:4      | Reached skill level 5 in Axes
  3554 | D:4      | Found a glowing drain.
  3565 | D:4      | Reached XP level 6. HP: 55/55 MP: 5/5
  3567 | D:4      | Reached skill level 1 in Dodging
  3587 | Sewer    | Entered a sewer
  3635 | Sewer    | Noticed Purgy
  3639 | Sewer    | Killed Purgy
  3640 | Sewer    | Reached skill level 5 in Fighting
  3640 | Sewer    | Reached skill level 5 in Shields
  3822 | D:4      | Noticed an ice beast
  3827 | D:4      | Killed an ice beast
  3828 | D:4      | Reached skill level 5 in Armour
  3876 | D:4      | Reached skill level 6 in Axes
  3876 | D:4      | Reached XP level 7. HP: 43/61 MP: 6/6
  4241 | D:5      | Entered Level 5 of the Dungeon
  4295 | D:5      | Found a sand-covered staircase.
  4299 | D:5      | Found a shimmering altar of Xom.
  4302 | Ossuary  | Entered an ossuary
  4508 | Ossuary  | Reached ** piety under Okawaru
  4523 | Ossuary  | Reached skill level 7 in Axes
  4741 | D:5      | Noticed a steam dragon
  4755 | D:5      | Killed a steam dragon
  4756 | D:5      | Reached XP level 8. HP: 49/69 MP: 5/7
  4956 | D:5      | Found a runed translucent door.
  4957 | D:5      | Noticed Crazy Yiuf
  5212 | D:5      | Killed Crazy Yiuf
  5375 | D:6      | Reached skill level 8 in Axes
  5395 | D:6      | Found a broken altar of Ashenzari.
  5551 | D:6      | Found a snail-covered altar of Cheibriados.
  6160 | D:6      | Identified the +2 rapier "Loycaxta" {freeze, Int+4}
  6315 | D:6      | Reached skill level 9 in Axes
  6551 | D:7      | Reached XP level 9. HP: 43/78 MP: 8/8
  6711 | D:6      | Reached *** piety under Okawaru
  7188 | D:7      | Received a gift from Okawaru
  7204 | D:7      | Found a stormy altar of Qazlal.
  7208 | D:7      | Found an ornate altar of the Wu Jian Council.
  7267 | D:7      | Noticed a deep elf pyromancer
  7278 | D:7      | Killed a deep elf pyromancer
  7279 | D:7      | Reached skill level 10 in Axes
  7474 | D:7      | Noticed Prince Ribbit
  7492 | D:7      | Killed Prince Ribbit
  7523 | D:7      | Found a staircase to the Ecumenical Temple.
  8535 | D:8      | Found an opulent altar of Gozag.
  8719 | D:8      | Reached **** piety under Okawaru
  9217 | D:9      | Reached XP level 10. HP: 86/86 MP: 9/9
  9267 | D:9      | Found a staircase to the Orcish Mines.
  9267 | D:9      | Found Heposk's Weapon Emporium.
  9290 | D:9      | Reached skill level 11 in Axes
  9898 | D:9      | Found a runed translucent door.
  9898 | D:9      | Identified the +10 trident "Veemefun" {venom, Fly rPois
                  | Str-2 Int-5}
 10599 | D:9      | Reached skill level 10 in Armour
 10827 | D:9      | Found a glowing golden altar of the Shining One.
 10875 | D:9      | Noticed dricus's ghost (journeyman MiBe)
 11013 | D:9      | Reached ***** piety under Okawaru
 11045 | D:9      | Received a gift from Okawaru
 11328 | D:10     | Entered Level 10 of the Dungeon
 11344 | D:10     | Reached skill level 12 in Axes
 11344 | D:10     | Reached skill level 10 in Shields
 11357 | D:10     | Found Anawicig's Distillery.
 11364 | D:10     | Found Owkyj's Antique Weapon Shoppe.
 11380 | D:10     | Noticed Joseph
 11394 | D:10     | Killed Joseph
 11471 | D:10     | Reached XP level 11. HP: 74/97 MP: 6/10
 11600 | D:10     | Noticed a two-headed ogre
 11610 | D:10     | Killed a two-headed ogre
 11842 | D:10     | Bought a potion of heal wounds for 65 gold pieces
 12001 | D:10     | Identified the +1 scale mail of the Spider Nest {rElec
                  | Str+6 Stlth-}
 12154 | D:10     | Found a staircase to the Lair.
 12337 | D:10     | Found Arghik's Antique Armour Boutique.
 12340 | D:10     | Bought an ancient cloak for 294 gold pieces
 12340 | D:10     | Identified the +2 cloak of Elyvilon's Regard {rC++ Int-4
                  | Slay+2} (You bought it in a shop on level 10 of the
                  | Dungeon)
 12408 | D:11     | Found Buiramp's Antique Weapon Emporium.
 12414 | D:11     | Noticed an orc knight
 12417 | D:11     | Noticed an orc knight
 12423 | D:11     | Noticed a wizard
 12692 | D:10     | Received a gift from Okawaru
 13131 | D:10     | Killed an orc knight
 13132 | D:10     | Reached skill level 1 in Invocations
 13207 | D:11     | Killed a wizard
 13208 | D:11     | Reached skill level 13 in Axes
 13238 | D:11     | Noticed an orc knight
 13238 | D:11     | Noticed an orc knight
 13267 | D:10     | Killed an orc knight
 13282 | D:10     | Killed an orc knight
 13497 | D:11     | Killed an orc knight
 13927 | D:11     | Noticed a +5 great sword
 13932 | D:11     | Noticed Urug
 13952 | D:11     | Killed Urug
 13953 | D:11     | Reached skill level 10 in Fighting
 14094 | D:11     | Noticed a two-headed ogre
 14106 | D:11     | Killed a two-headed ogre
 14668 | D:12     | Found a shimmering blue altar of Sif Muna.
 14670 | D:12     | Reached XP level 12. HP: 106/106 MP: 13/13
 14673 | D:12     | Noticed a six-headed hydra
 14690 | D:12     | Killed a six-headed hydra
 15184 | D:12     | Noticed a seven-headed hydra
 15199 | D:12     | HP: 3/107 [seven-headed hydra (10)]
 15571 | D:11     | Killed a seven-headed hydra
 15572 | D:11     | Reached skill level 1 in Maces & Flails
 16007 | D:11     | Received a gift from Okawaru
 16907 | Lair:1   | Entered Level 1 of the Lair of Beasts
 16955 | Lair:1   | Reached skill level 14 in Axes
 17087 | Lair:1   | Found a gate leading to a gauntlet.
 17134 | Gauntlet | Entered a Gauntlet
 17134 | Gauntlet | Found a transporter.
 17134 | Gauntlet | Found a transporter.
 17134 | Gauntlet | Found a transporter.
 17134 | Gauntlet | Noticed a catoblepas
 17135 | Gauntlet | Found a transporter.
 17138 | Gauntlet | Found a transporter.
 17138 | Gauntlet | Found a transporter.
 17152 | Gauntlet | Found a transporter.
 17154 | Gauntlet | Found a transporter.
 17161 | Gauntlet | Noticed a dire elephant
 17162 | Gauntlet | Found a transporter.
 17262 | Gauntlet | Found a transporter.
 17266 | Gauntlet | Found a transporter.
 17276 | Gauntlet | Found a transporter.
 17398 | Gauntlet | Reached skill level 5 in Invocations
 17630 | Gauntlet | Killed a dire elephant
 17672 | Gauntlet | Identified the ring of Surprise {rF+ rCorr}
 17805 | Gauntlet | Identified the +5 war axe of Bespelled Purpose {elec, rPois
                  | rN++ Dex-2}
 17805 | Gauntlet | Noticed a minotaur
 17824 | Gauntlet | Killed a minotaur
 18045 | Gauntlet | Identified the +0 pair of gloves of a Gauntlet {Dex+3 SInv}
 18045 | Gauntlet | Identified the +2 ring mail "Woarreq" {+Blink Dex+2 SInv}
 18047 | Gauntlet | Identified Edowuib's Guide on Congealing Summoning
 18862 | Lair:2   | Received a gift from Okawaru
 18863 | Lair:2   | Found the +1 cloak of Starlight {*Dazzle EV+4 Stlth--}
 18871 | Lair:2   | Reached ****** piety under Okawaru
 18936 | Lair:2   | Reached XP level 13. HP: 116/116 MP: 16/16
 19046 | Lair:2   | Found a staircase to the Snake Pit.
 19193 | Lair:2   | Reached skill level 15 in Axes
 20334 | Lair:3   | Reached skill level 1 in Stealth
 21366 | Lair:4   | Found a staircase to the Shoals.
 22178 | Lair:5   | Received a gift from Okawaru
 23268 | Lair:5   | Reached skill level 16 in Axes
 23633 | Lair:5   | Reached XP level 14. HP: 126/126 MP: 18/18
 24100 | Lair:5   | Identified the +4 ring mail of the Jabberwock {rF+ rC+
                  | Will+} (Okawaru gifted it to you on level 5 of the Lair of
                  | Beasts)
 24100 | Lair:5   | Received a gift from Okawaru
 24374 | Lair:6   | Entered Level 6 of the Lair of Beasts
 24682 | Lair:6   | Found a staircase to the Slime Pits.
 25834 | Lair:6   | Received a gift from Okawaru
 26876 | D:13     | Found Boimiol's Antique Armour Boutique.
 27700 | D:13     | Reached XP level 15. HP: 95/136 MP: 16/20
 28214 | D:13     | Reached skill level 1 in Evocations
 28445 | D:13     | Found a gate to the Vaults.
 28824 | D:13     | Received a gift from Okawaru
 29746 | D:14     | Reached skill level 15 in Armour
 29989 | D:14     | Reached skill level 10 in Invocations
 30670 | D:15     | Entered Level 15 of the Dungeon
 30724 | D:15     | Found a shimmering altar of Xom.
 30728 | D:15     | Found a shimmering altar of Xom.
 30730 | D:15     | Found a shimmering altar of Xom.
 30730 | D:15     | Found a shimmering altar of Xom.
 30730 | D:15     | Found a shimmering altar of Xom.
 30812 | D:15     | Found a shimmering altar of Xom.
 30812 | D:15     | Found a shimmering altar of Xom.
 31270 | D:15     | Received a gift from Okawaru
 31271 | D:15     | Reached skill level 17 in Axes
 31424 | D:15     | Found a staircase to the Depths.
 31427 | D:15     | Reached skill level 15 in Shields
 31584 | D:15     | Found a portal to a secret trove of treasure.
 31939 | Orc:1    | Entered Level 1 of the Orcish Mines
 32077 | Orc:2    | Entered Level 2 of the Orcish Mines
 32171 | Orc:2    | Found a staircase to the Elven Halls.
 32221 | Orc:2    | Found Ficlosim's Magic Scroll Emporium.
 32226 | Orc:2    | Found Vovvolyqu's General Store.
 32244 | Orc:2    | Reached XP level 16. HP: 146/146 MP: 22/22
 32354 | Orc:2    | Bought a scroll of teleportation for 54 gold pieces
 32354 | Orc:2    | Bought a scroll of magic mapping for 63 gold pieces
 32356 | Orc:2    | Bought a scroll of teleportation for 33 gold pieces
 32356 | Orc:2    | Bought a scroll of teleportation for 33 gold pieces
 32356 | Orc:2    | Bought a scroll of fear for 38 gold pieces
 32759 | Orc:2    | Received a gift from Okawaru
 32798 | Orc:2    | Gained mutation: You are occasionally teleported next to
                  | monsters. [a neqoxec]
 32946 | Orc:2    | Found Kidaisao's Antique Weapon Shop.
 32946 | Orc:2    | Found Boir Luc's Jewellery Boutique.
 32947 | Orc:2    | Found a one-way gate leading to the halls of Pandemonium.
 33552 | Snake:1  | Entered Level 1 of the Snake Pit
 33914 | Snake:1  | Identified the +3 hand axe "Syesen" {freeze, Int+2}
                  | (Okawaru gifted it to you on level 1 of the Snake Pit)
 33914 | Snake:1  | Received a gift from Okawaru
 34288 | Snake:1  | Reached skill level 18 in Axes
 34875 | Snake:1  | Found Icauda Ycurph's Book Boutique.
 34875 | Snake:1  | Found Voalur's Jewellery Shoppe.
 34876 | Snake:1  | Found Vawaitav's Book Boutique.
 34884 | Snake:1  | Bought a +4 ring of slaying for 1092 gold pieces
 34965 | Snake:2  | Noticed Vashnia
 35956 | Snake:2  | Killed Vashnia
 35956 | Snake:2  | Identified the +8 hand axe "Mud Pie of Death" {protect, rF+
                  | Int+2} (Okawaru gifted it to you on level 2 of the Snake
                  | Pit)
 35956 | Snake:2  | Received a gift from Okawaru
 36426 | Snake:2  | Found Tuuge's Antique Weapon Shoppe.
 36437 | Snake:2  | HP: 6/147 [naga mage/bolt of poison (11)]
 36930 | Snake:2  | Reached skill level 15 in Fighting
 37258 | Snake:2  | Found Ekhotost's Magic Scroll Shoppe.
 37265 | Snake:2  | Bought a scroll of enchant weapon for 135 gold pieces
 37834 | Snake:3  | Received a gift from Okawaru
 38048 | Snake:3  | Reached XP level 17. HP: 156/156 MP: 24/24
 38335 | D:3      | Bought a blackened emerald amulet for 105 gold pieces
 39111 | Snake:3  | Received a gift from Okawaru
 39465 | Snake:4  | Entered Level 4 of the Snake Pit
 40500 | Snake:4  | Reached skill level 5 in Stealth
 40501 | Snake:4  | Received a gift from Okawaru
 40534 | Snake:4  | Reached skill level 19 in Axes
 40541 | Snake:4  | HP: 2/158 [nagaraja/+0 spear (33)]
 40546 | Snake:4  | Succumbed to a nagaraja's bolt of poison

Illustrated notes

Levels and vault maps discovered:
D:1:      minmay_arrival_open_corners, layout_loops_ring,
          ebering_ecumenical_altar_mist
D:2:      cheibrodos_greedy_goblins, layout_loops_cross, hex_large,
          grunt_ministairs_1, small_statue_intersection, minmay_pentomino_pile
D:3:      layout_basic, okawaru_trees_1, serial_shops,
          nicolae_shop_overgrown_old_shop
D:4:      layout_cave_pools, portal_sewer_entry_c
D:5:      layout_rooms, xom_butterflies, nicolae_ossuary_entry_monument,
          uniq_crazy_yiuf_cottage
D:6:      layout_cave_pods, lemuel_crystal_altar, lemuel_doored_altar
D:7:      layout_cave_pools, grunt_temple_overflow_open,
          minmay_temple_entry_proselytizer, guppyfry_early_elven_hall,
          uniq_prince_ribbit1
D:8:      layout_loops_corners, grunt_gozag_statues
D:9:      layout_roguey [special_room_bee], nicolae_tso_carved_into_rock,
          orc_david_3, ebering_ghost_funeral_grove
D:10:     minmay_recursive_quarters, layout_loops_ring, david_lair_shrubbed,
          serial_shops, kennysheep_mini, nicolae_shop_statue_plus,
          nicolae_shop_statue_plus, amcnicky_mini_corridor_feature, uniq_joseph
D:11:     layout_gridville, serial_shops,
          nicolae_shop_temple_entry_statues_fountains, grunt_ministairs_15,
          chequers_serial_rivers_micro_c, st_stairs_3, sword_in_stone
D:12:     layout_roguey, kennysheep_orc_sif_temple
D:13:     layout_long_grid, grunt_vaults_entry_tiered, serial_shops, shop_coins,
          minmay_rotating_lava
D:14:     minmay_ornate_pinched, layout_loops_ring, kennysheep_cross_bottleneck
D:15:     gammafunk_enter_depths_forms, layout_loops_ring, enter_trove_6,
          nicolae_xom_altar_mimics, hangedman_decor_riveting,
          chequers_serial_rivers_room_b, minmay_sticks_and_stones
Lair:1:   layout_hall_layers, gauntlet_entry_generic, serial_bayou_shore_a
Lair:2:   lemuel_ratsnest, layout_gridlike, guppyfry_snake_entry_garden,
          special_room, infiniplex_staircase_pool_2, grunt_megastairs_5,
          minmay_lair_oklob_chamber
Lair:3:   layout_regular_city, kennysheep_abandoned_house
Lair:4:   layout_cave_pods, minmay_shoals_entry_lonely_mermaid
Lair:5:   layout_long_grid, nzn_random_ring, lemuel_fruit_tree
Lair:6:   evilmike_catoblepas_cave, layout_cave_shapes,
          nicolae_slime_entry_slimehenge
Snake:1:  layout_onion, special_room, grunt_megastairs_1, minmay_shop_grove
Snake:2:  layout_honeycomb, nicolae_snake_gridmaze_swirls, minmay_shop_star,
          uniq_vashnia
Snake:3:  nicolae_snake_shooting_gallery, layout_misc_corridors,
          nrook_guardian_serpent_double
Snake:4:  snake_hunt, layout_chambers, drop_trap, grunt_megastairs_2, uniq_aizul
Orc:1:    layout_caves
Orc:2:    pf_orc_diabolical, layout_diamond_mine, basic_altar

Skill      XL: |  1  2  3  4  5  6  7  8  9 10 11 12 13 14 15 16 17 |
---------------+----------------------------------------------------+-----
Shields        | 4 5 6 7 9 10 11 12 13 15 16 17 | 17.1
Axes           | 3 4 5 6 7 9 10 12 13 14 16 17 18 19 | 19.0
Armour         | 4 5 7 8 10 11 12 13 14 15 16 | 16.7
Fighting       | 4 5 6 7 9 10 11 12 13 14 15 16 | 16.2
Dodging        | 1 2 |  2.6
Invocations    | 3 5 7 9 10 11 12 | 12.6
Maces & Flails | 1 2 |  2.2
Stealth        | 2 3 4 5 |  5.1
Evocations     | 2 |  2.0
Throwing       | |  0.1

Action                   |  1- 3 |  4- 6 |  7- 9 | 10-12 | 13-15 | 16-18 || total
-------------------------+-------+-------+-------+-------+-------+-------++-------
Melee: War axe           |   118 |   145 |   358 |   628 |   762 |       ||  2011
       Headbutt          |     8 |    22 |    64 |   120 |   222 |   195 ||   631
       Morningstar       |       |       |       |    22 |    79 |       ||   101
       Broad axe         |       |       |       |       |    95 |   767 ||   862
Throw: Throwing net      |       |       |     1 |     1 |       |       ||     2
Invok: Heroism           |       |       |     1 |     7 |     1 |     1 ||    10
       Finesse           |       |       |       |     3 |     1 |     2 ||     6
Evoke: Wand              |       |       |       |       |    22 |       ||    22
  Use: Scroll            |       |     5 |    15 |     4 |    12 |     8 ||    44
       Potion            |       |     1 |       |     6 |     1 |     9 ||    17
 Stab: Invisible         |       |       |       |       |    18 |    19 ||    37
       Petrified         |       |       |       |       |    12 |       ||    12
       Petrifying        |       |       |       |       |     2 |       ||     2
       Paralysed         |       |       |       |       |     3 |       ||     3
       Distracted        |       |       |       |       |     1 |       ||     1
Armor: Scale mail        |    27 |       |       |       |       |       ||    27
       Chain mail        |    17 |       |       |       |       |       ||    17
       Plate armour      |    13 |   114 |   202 |   338 |   106 |       ||   773
       Crystal plate arm |       |       |       |       |   623 |   290 ||   913
Dodge: Dodged            |    28 |    32 |    97 |   167 |   424 |   287 ||  1035
Block: Kite shield       |    64 |    91 |   234 |   414 |   636 |   586 ||  2025

Table legend: (Time is in decaauts)
 A = Elapsed time spent in this place.
 B = Non-inter-level travel time spent in this place.
 C = Inter-level travel time spent in this place.
 D = Time resting spent in this place.
 E = Time spent auto-exploring this place.
 F = Levels seen in this place.
 G = Mean time per level.
                   A        B        C        D        E       F      G
               +--------+--------+--------+--------+--------+-----+--------+
         Total |  40462 |  37939 |   2523 |   7354 |  24787 |  30 | 1348.7 |
       Dungeon |  22320 |  20888 |   1432 |   5047 |  12770 |  15 | 1488.0 |
          Lair |   8669 |   7977 |    692 |    490 |   6542 |   6 | 1444.8 |
     Snake Pit |   6573 |   6234 |    339 |   1589 |   3711 |   4 | 1643.2 |
  Orcish Mines |   1408 |   1348 |     60 |      0 |    928 |   2 |  704.0 |
         Sewer |    175 |    175 |      0 |      0 |    124 |   1 |  175.0 |
       Ossuary |    418 |    418 |      0 |      0 |    220 |   1 |  418.0 |
      Gauntlet |    898 |    898 |      0 |    228 |    492 |   1 |  898.0 |
               +--------+--------+--------+--------+--------+-----+--------+

Top non-repeatable levels by time:
    D:13: 2868 daAuts
 Snake:1: 2388 daAuts
    D:10: 2184 daAuts
    D:11: 2158 daAuts
  Lair:6: 2128 daAuts
     D:9: 2078 daAuts
 Snake:2: 1950 daAuts
  Lair:5: 1888 daAuts
     D:6: 1870 daAuts
     D:8: 1858 daAuts
  Lair:2: 1591 daAuts
 Snake:3: 1379 daAuts
    D:12: 1329 daAuts
     D:3: 1311 daAuts
    D:15: 1179 daAuts
